[Event "7th Paul Keres Memorial Festival 2026 Rapid"]
[Site "ESTONIA Resort Hotel & Spa conference center, EE"]
[Date "2026.08.02"]
[Round "8"]
[White "Shirov, Alexei"]
[Black "Kubicka, Anna"]
[Result "1-0"]
[Board "6"]
[TimeControl "12+3"]
[WhiteFideId "2209390"]
[BlackFideId "1152254"]
[WhiteElo "2616"]
[BlackElo "2105"]
[WhiteTitle "GM"]
[BlackTitle "WIM"]
[WhiteClock "0:00:18"]
[BlackClock "0:00:11"]
[Variant "Standard"]
[EndDate "2026.08.02"]
[EndTime "12:26:05"]

1. e4 e5 2. Nf3 Nc6 3. Bc4 Nf6 4. d3 h6 5. c3 d6 6. b4 a6 7. a4 Be7 8. Nbd2 O-O 9. O-O Be6 10. Bxe6 fxe6 11. Nc4 Qe8 12. Bd2 Nh5 13. b5 Nd8 14. b6 Rc8 15. d4 exd4 16. cxd4 Qg6 17. Re1 cxb6 18. Nxb6 Rc6 19. Nd7 Nf4 20. g3 Rf7 21. d5 Rc7 22. Nb6 e5 23. Ra3 Nh3+ 24. Kg2 Nf4+ 25. Bxf4 Rxf4 26. Qd3 Rf8 27. Rc3 Rxc3 28. Qxc3 Qh5 29. Re3 Bg5 30. Nxg5 Qxg5 31. Qc7 Qg6 32. h4 Qf7 33. Qxf7+ Nxf7 34. Rc3 g5 35. h5 g4 36. Nd7 Rd8 37. Rc7 Kg7 38. Rxb7 Rc8 39. Nb8 Rc4 40. a5 Rxe4 41. Nxa6 Ra4 42. Rb5 Ra2 43. Nc7 Ng5 44. Ne6+ Kf6 45. Nxg5 Kxg5 46. Rb6 e4 47. Kf1 Rxa5 48. Rxd6 Ra2 49. Re6 Rd2 50. d6 Kxh5 51. Ke1 Rd4 52. Ke2 Kg5 53. Ke3 Rd1 54. Kxe4 Rd2 55. Re5+ Kf6 56. Rd5 Re2+ 57. Kd3 Re8 58. Kd4 Rd8 59. Kc5 Ke6 60. Rh5 Rc8+ 61. Kd4 Rh8 62. Rd5 Kd7 63. Ke4 Rf8 64. Rf5 Re8+ 65. Kf4 Kxd6 66. Kxg4 Re2 67. Kh5 Ke6 68. g4 Re4 69. f3 Re1 70. Kxh6 Rg1 71. Kg6 Rg3 72. g5 Rg1 73. f4 Ra1 74. Rf6+ Ke7 75. Kg7 1-0

[Event "7th Paul Keres Memorial Festival 2026 Rapid"]
[Site "ESTONIA Resort Hotel & Spa conference center, EE"]
[Date "2026.08.02"]
[Round "8"]
[White "Keinanen, Toivo"]
[Black "Krustkalns, Kristaps"]
[Result "1-0"]
[Board "7"]
[TimeControl "12+3"]
[WhiteFideId "509825"]
[BlackFideId "11602686"]
[WhiteElo "2585"]
[BlackElo "1967"]
[WhiteTitle "IM"]
[BlackTitle "FM"]
[WhiteClock "0:07:00"]
[BlackClock "0:04:34"]
[Variant "Standard"]
[EndDate "2026.08.02"]
[EndTime "12:09:58"]

1. d4 Nf6 2. Nf3 b6 3. e3 Bb7 4. Bd3 c5 5. c4 e6 6. O-O d5 7. cxd5 exd5 8. b3 Bd6 9. Nc3 O-O 10. Bb2 Nc6 11. dxc5 bxc5 12. Nb5 Be7 13. Rc1 a6 14. Nc3 Rc8 15. Na4 Nb4 16. Bf5 Rc7 17. a3 Nc6 18. Nxc5 Ne5 19. Nxe5 Rxc5 20. Qd4 Qc7 21. Nd7 Rxc1 22. Rxc1 Qd6 23. Nxf8 1-0

[Event "7th Paul Keres Memorial Festival 2026 Rapid"]
[Site "ESTONIA Resort Hotel & Spa conference center, EE"]
[Date "2026.08.02"]
[Round "8"]
[White "Jakubowski, Krzysztof"]
[Black "Sokolovs, Nikita"]
[Result "1-0"]
[Board "8"]
[TimeControl "12+3"]
[WhiteFideId "1112848"]
[BlackFideId "34212523"]
[WhiteElo "2365"]
[BlackElo "1962"]
[WhiteTitle "GM"]
[WhiteClock "0:12:03"]
[BlackClock "0:12:03"]
[Variant "Standard"]
[EndDate "2026.08.02"]
[EndTime "12:21:05"]

1. e4 e5 2. Nf3 f5 3. Nxe5 fxe4 4. d4 d5 5. Bf4 Nf6 6. Be2 Bd6 7. c4 c6 8. Nc3 O-O 9. O-O Be6 10. cxd5 Nxd5 11. Bg3 Bxe5 12. Bxe5 Nxc3 13. bxc3 Nd7 14. Bd6 Rf5 15. c4 Nf6 16. Bg3 Qd7 17. a4 Rd8 18. Qc2 Qxd4 19. Rad1 Qb6 20. Rb1 Qa5 21. Rfd1 Bc8 22. h3 Re8 23. Rd6 Nh5 24. Bh2 Nf6 25. Rbd1 Qc5 26. R6d4 e3 27. f3 Nd7 28. Rxd7 Bxd7 29. Rxd7 Qb4 30. Qxf5 Qe1+ 31. Bf1 Qf2+ 32. Kh1 Qxf1+ 33. Bg1 Kh8 34. Qe5 Rg8 35. Qxe3 Qxc4 1-0

[Event "7th Paul Keres Memorial Festival 2026 Rapid"]
[Site "ESTONIA Resort Hotel & Spa conference center, EE"]
[Date "2026.08.02"]
[Round "8"]
[White "Raag, Ardi"]
[Black "Platonovs, Nikolajs"]
[Result "1-0"]
[Board "9"]
[TimeControl "12+3"]
[WhiteFideId "4509269"]
[BlackFideId "11622598"]
[WhiteElo "2023"]
[BlackElo "2188"]
[BlackTitle "CM"]
[WhiteClock "0:01:15"]
[BlackClock "0:01:35"]
[Variant "Standard"]
[EndDate "2026.08.02"]
[EndTime "12:19:43"]

1. e4 c5 2. c3 Nf6 3. e5 Nd5 4. Nf3 d6 5. d4 cxd4 6. cxd4 Nc6 7. Bc4 Nb6 8. Bb5 dxe5 9. Nxe5 Bd7 10. Nxd7 Qxd7 11. Nc3 e6 12. O-O a6 13. Bxc6 Qxc6 14. Be3 Bd6 15. Qg4 h5 16. Qxg7 O-O-O 17. Qxf7 Kb8 18. d5 Nxd5 19. Nxd5 Qxd5 20. Rad1 Qc6 21. Qf3 Qxf3 22. gxf3 Rdg8+ 23. Kh1 Bc7 24. Rg1 Rxg1+ 25. Rxg1 Rd8 26. Rg6 Rd1+ 27. Kg2 b6 28. Rxe6 Kb7 29. f4 Rb1 30. f5 Rxb2 31. f6 Rb5 32. Kf3 Kc8 33. Ke4 Rb4+ 34. Bd4 Kd7 35. Re7+ Kd8 36. Rxc7 1-0

[Event "7th Paul Keres Memorial Festival 2026 Rapid"]
[Site "ESTONIA Resort Hotel & Spa conference center, EE"]
[Date "2026.08.02"]
[Round "9"]
[White "Harikrishnan.A.Ra"]
[Black "Kazakouski, Valery"]
[Result "0-1"]
[Board "1"]
[TimeControl "12+3"]
[WhiteFideId "5081483"]
[BlackFideId "13507443"]
[WhiteElo "2404"]
[BlackElo "2528"]
[WhiteTitle "GM"]
[BlackTitle "GM"]
[WhiteClock "0:00:06"]
[BlackClock "0:00:31"]
[Variant "Standard"]
[EndDate "2026.08.02"]
[EndTime "13:05:06"]

1. d4 Nf6 2. Bf4 e6 3. e3 c5 4. c3 Be7 5. Nd2 cxd4 6. exd4 O-O 7. Bd3 d6 8. a4 b6 9. Ngf3 Ba6 10. Bxa6 Nxa6 11. O-O Nc7 12. Qe2 a6 13. Bg5 h6 14. Bh4 Qd7 15. Ne1 b5 16. axb5 axb5 17. Nd3 Ncd5 18. Rfc1 Rfc8 19. Qd1 Qc6 20. Qb3 Nb6 21. Nb4 Qb7 22. Nc2 Nfd5 23. Bg3 Bg5 24. Rxa8 Rxa8 25. Rd1 Bxd2 26. Rxd2 Nc4 27. Rd1 Qa6 28. Ne1 Qa4 29. Qxa4 bxa4 30. Nd3 Rb8 31. Ra1 Nxb2 32. Bxd6 Rb3 33. Nxb2 Rxb2 34. c4 Nb6 35. Ba3 Rd2 36. Bb4 Rd3 37. Kf1 Nxc4 38. Rxa4 Rxd4 39. Ra8+ Kh7 40. Bc3 Rd3 41. Bb4 Rb3 42. Bc5 Rb5 43. Bd4 e5 44. Ra4 Nd2+ 45. Ke2 Ne4 46. Ba1 Nc5 47. Ra7 f6 48. h4 h5 49. f3 Ne6 50. Ra2 Nf4+ 51. Kf2 Kg6 52. Bc3 Rc5 53. Bd2 Ne6 54. Be3 Rc4 55. Rb2 Rxh4 56. Rb6 Nd8 57. Bd2 Rc4 58. Ke2 Nf7 59. Kd3 Rd4+ 60. Ke3 Nh6 61. Ke2 Nf5 62. Bb4 Rd7 63. Be1 Nd4+ 64. Kf2 Rc7 65. Bd2 Rc2 66. Ke1 h4 67. Kd1 Ra2 68. Rb1 h3 69. gxh3 Nxf3 70. Be3 Rh2 71. Rb7 Rxh3 72. Ke2 Nd4+ 73. Kd2 Nf5 74. Bc5 Rh8 75. Kd3 Rc8 76. Bb4 Rd8+ 77. Ke2 Nd4+ 78. Kf2 Ne6 79. Rb6 Kf5 80. Bc3 g5 81. Bb4 g4 82. Be7 Rd3 83. Ke2 Rf3 84. Rb8 Nf4+ 85. Kd2 g3 86. Rg8 Ng6 87. Bc5 e4 88. Ra8 Rd3+ 89. Ke1 Nf4 90. Ra5 Kg4 91. Ra4 Kf3 92. Ra1 e3 93. Kf1 Rd5 94. Bb4 Rh5 0-1

[Event "7th Paul Keres Memorial Festival 2026 Rapid"]
[Site "ESTONIA Resort Hotel & Spa conference center, EE"]
[Date "2026.08.02"]
[Round "9"]
[White "Laurusas, Tomas"]
[Black "Fridman, Daniel"]
[Result "1-0"]
[Board "2"]
[TimeControl "12+3"]
[WhiteFideId "12803731"]
[BlackFideId "11600454"]
[WhiteElo "2462"]
[BlackElo "2555"]
[WhiteTitle "GM"]
[BlackTitle "GM"]
[WhiteClock "0:00:15"]
[BlackClock "0:00:22"]
[Variant "Standard"]
[EndDate "2026.08.02"]
[EndTime "13:00:18"]

1. d4 e6 2. c4 b6 3. Nf3 Bb7 4. a3 Nf6 5. Nc3 d5 6. cxd5 Nxd5 7. Qc2 Be7 8. e4 Nxc3 9. bxc3 c5 10. Bd3 Nc6 11. Bb2 Rc8 12. Qe2 O-O 13. O-O Re8 14. Rad1 cxd4 15. cxd4 Bd6 16. h4 g6 17. h5 Qe7 18. Ra1 Bf4 19. Rad1 Bd6 20. Ra1 Bf4 21. Rfe1 Red8 22. Rad1 Qf8 23. Bb5 Na5 24. g3 Bh6 25. hxg6 hxg6 26. Kg2 Rc7 27. Rh1 Bg7 28. Bd3 Nc6 29. Qe3 Qe7 30. Rh4 Na5 31. Rdh1 Nc4 32. Bxc4 Rxc4 33. Rh7 Qf8 34. Qe2 Rdc8 35. d5 f6 36. Nd4 exd5 37. Qg4 Qf7 38. Qh3 Qe7 39. Rxg7+ Qxg7 40. Qe6+ Kf8 41. Qd6+ Kg8 42. Qe6+ Kf8 43. Nf5 Re8 44. Qd6+ Kg8 45. Nxg7 dxe4 46. Nxe8 1-0

[Event "7th Paul Keres Memorial Festival 2026 Rapid"]
[Site "ESTONIA Resort Hotel & Spa conference center, EE"]
[Date "2026.08.02"]
[Round "9"]
[White "Lagarde, Maxime"]
[Black "Keinanen, Toivo"]
[Result "0-1"]
[Board "3"]
[TimeControl "12+3"]
[WhiteFideId "662399"]
[BlackFideId "509825"]
[WhiteElo "2599"]
[BlackElo "2585"]
[WhiteTitle "GM"]
[BlackTitle "IM"]
[WhiteClock "0:03:47"]
[BlackClock "0:05:01"]
[Variant "Standard"]
[EndDate "2026.08.02"]
[EndTime "12:50:18"]

1. Nf3 d5 2. g3 b6 3. Bg2 Bb7 4. O-O e6 5. d3 Nf6 6. Nbd2 Nbd7 7. c4 c5 8. cxd5 Nxd5 9. a3 Be7 10. e4 N5f6 11. b3 O-O 12. Bb2 b5 13. Qe2 Qb6 14. h4 Rfd8 15. Bh3 Rac8 16. g4 Nf8 17. Ne5 N6d7 18. g5 Nxe5 19. Bxe5 Bd6 20. Bc3 Ng6 21. h5 Nf4 22. Qg4 Bb8 23. g6 fxg6 24. hxg6 h5 25. Qh4 Rxd3 26. Qe7 Nxh3+ 27. Kh1 Rxc3 28. f4 Rf8 0-1

[Event "7th Paul Keres Memorial Festival 2026 Rapid"]
[Site "ESTONIA Resort Hotel & Spa conference center, EE"]
[Date "2026.08.02"]
[Round "9"]
[White "Shirov, Alexei"]
[Black "Povilaitis, Tomas"]
[Result "1-0"]
[Board "4"]
[TimeControl "12+3"]
[WhiteFideId "2209390"]
[BlackFideId "12811700"]
[WhiteElo "2616"]
[BlackElo "2154"]
[WhiteTitle "GM"]
[WhiteClock "0:00:17"]
[BlackClock "0:00:07"]
[Variant "Standard"]
[EndDate "2026.08.02"]
[EndTime "13:01:19"]

1. e4 c5 2. Nf3 Nc6 3. Bb5 d6 4. O-O Bd7 5. c3 Nf6 6. Re1 a6 7. Bf1 Bg4 8. d4 cxd4 9. cxd4 d5 10. e5 Ng8 11. Be3 e6 12. Nbd2 Bb4 13. Be2 Nge7 14. a3 Bxf3 15. Bxf3 Bxd2 16. Qxd2 Na5 17. Qd3 Qb6 18. Rab1 O-O 19. Bg4 Nc4 20. Bc1 Qa5 21. Rd1 Qb5 22. a4 Qc6 23. b3 Na5 24. Ba3 Rfe8 25. f4 g6 26. Bh3 Rac8 27. g4 Qc3 28. Bf1 Qxd3 29. Bxd3 Kg7 30. Kf2 f5 31. exf6+ Kxf6 32. Ke3 g5 33. fxg5+ Kxg5 34. h4+ Kh6 35. Rf1 e5 36. Rf7 Ng6 37. g5+ Kh5 38. Rxh7+ Kg4 39. Bxg6 exd4+ 40. Kd2 Re3 41. Rg1+ Kh3 42. Bf5+ Kh2 43. Bxc8 Nxb3+ 44. Kd1 Kxg1 45. g6 Rd3+ 46. Kc2 Rc3+ 47. Kb2 Rxc8 48. Kxb3 d3 49. Bb4 Kf2 50. Rf7+ Ke2 51. Re7+ Kf3 52. g7 d4 53. Rf7 Ke2 54. Rf8 1-0

[Event "7th Paul Keres Memorial Festival 2026 Rapid"]
[Site "ESTONIA Resort Hotel & Spa conference center, EE"]
[Date "2026.08.02"]
[Round "9"]
[White "Maltsevskaya, Aleksandra"]
[Black "Jakubowski, Krzysztof"]
[Result "0-1"]
[Board "5"]
[TimeControl "12+3"]
[WhiteFideId "24174041"]
[BlackFideId "1112848"]
[WhiteElo "2369"]
[BlackElo "2365"]
[WhiteTitle "IM"]
[BlackTitle "GM"]
[WhiteClock "0:00:01"]
[BlackClock "0:00:01"]
[Variant "Standard"]
[EndDate "2026.08.02"]
[EndTime "13:01:30"]

1. e4 c6 2. d4 d5 3. e5 Bf5 4. c4 e6 5. h4 Bxb1 6. Rxb1 Bb4+ 7. Bd2 Qa5 8. a3 Bxd2+ 9. Qxd2 Qxd2+ 10. Kxd2 dxc4 11. Bxc4 Nd7 12. Nf3 h5 13. g3 Ne7 14. Ke2 Nb6 15. Ba2 Nf5 16. Rbd1 a5 17. Rd2 Ke7 18. Rc1 Rhd8 19. Bb1 a4 20. Bxf5 exf5 21. Ne1 Ra5 22. Ng2 Nd5 23. Ne3 Nxe3 24. Kxe3 Rb5 25. Rc4 Ra8 26. Kf4 Ke6 27. f3 g6 28. g4 hxg4 29. fxg4 fxg4 30. Kxg4 Rb3 31. Rf2 Rd3 32. Rb4 Rb3 33. Rf6+ Ke7 34. Rxb3 axb3 35. Rf3 Ra4 36. Rxb3 Rxd4+ 37. Kg3 b5 38. Rc3 b4 39. axb4 Rxb4 40. Rxc6 Rxb2 41. Rc5 Rb4 42. Kh3 Ke6 43. Kg3 Re4 44. h5 gxh5 45. Rc6+ Kxe5 46. Rh6 Rg4+ 47. Kf3 Rf4+ 48. Ke3 Rf5 49. Rh8 Kf6 50. Ke4 0-1

[Event "7th Paul Keres Memorial Festival 2026 Rapid"]
[Site "ESTONIA Resort Hotel & Spa conference center, EE"]
[Date "2026.08.02"]
[Round "9"]
[White "Dubrovin, Robert"]
[Black "Raag, Ardi"]
[Result "1/2-1/2"]
[Board "6"]
[TimeControl "12+3"]
[WhiteFideId "4501829"]
[BlackFideId "4509269"]
[WhiteElo "2268"]
[BlackElo "2023"]
[WhiteClock "0:00:11"]
[BlackClock "0:00:10"]
[Variant "Standard"]
[EndDate "2026.08.02"]
[EndTime "13:02:46"]

1. d4 d5 2. c4 e6 3. Nc3 Nf6 4. cxd5 exd5 5. Bg5 Be7 6. e3 h6 7. Bf4 O-O 8. Bd3 Bd6 9. Bxd6 Qxd6 10. h3 b6 11. Nf3 Ba6 12. Bxa6 Nxa6 13. O-O c5 14. Qa4 Nc7 15. dxc5 bxc5 16. Rfd1 Qb6 17. b3 Rad8 18. Rac1 Rfe8 19. Rc2 Ne4 20. Nxd5 Nxd5 21. Rxd5 Nf6 22. Rxd8 Rxd8 23. Rc1 a5 24. Qc4 Qc7 25. e4 Qf4 26. e5 Qxc4 27. Rxc4 Nd7 28. Re4 Re8 29. Kf1 Kf8 30. Ke2 Ke7 31. Ra4 Ra8 32. Re4 Ke6 33. Nd2 Kd5 34. f4 Nb6 35. a4 Rc8 36. Kd3 Rd8 37. Ke3 Re8 38. Nc4 Nxc4+ 39. bxc4+ Ke6 40. g4 g6 41. Kf3 Rb8 42. Re3 Rb4 43. Rd3 Rxc4 44. Rd6+ Ke7 45. Rc6 Rxa4 46. Rxc5 Ra3+ 47. Ke4 a4 48. Rc7+ Ke8 49. Ra7 Rxh3 50. Rxa4 Rg3 51. Ra8+ Ke7 52. Ra7+ Kf8 53. Ra8+ Kg7 54. Ra7 Kf8 55. Ra8+ Ke7 56. Ra7+ Kf8 1/2-1/2

[Event "7th Paul Keres Memorial Festival 2026 Rapid"]
[Site "ESTONIA Resort Hotel & Spa conference center, EE"]
[Date "2026.08.02"]
[Round "9"]
[White "Grave, Jacob Templen"]
[Black "Mayorau, Mikita"]
[Result "0-1"]
[Board "7"]
[TimeControl "12+3"]
[WhiteFideId "1542656"]
[BlackFideId "13501720"]
[WhiteElo "2286"]
[BlackElo "2392"]
[WhiteTitle "FM"]
[BlackTitle "GM"]
[WhiteClock "0:00:09"]
[BlackClock "0:00:29"]
[Variant "Standard"]
[EndDate "2026.08.02"]
[EndTime "13:00:56"]

1. e4 d6 2. d4 g6 3. Nc3 Bg7 4. f4 Nf6 5. Qd2 O-O 6. Nf3 Nbd7 7. e5 Ne8 8. h4 c5 9. h5 cxd4 10. Ne4 dxe5 11. hxg6 hxg6 12. fxe5 Nxe5 13. Nxe5 Qd5 14. Qf4 Qxe5 15. Qh4 f5 16. Bf4 Qxe4+ 17. Kf2 Nf6 18. Bd3 Qd5 19. Rae1 Rf7 20. Kg1 Nh5 21. Rxe7 Rxe7 22. Qxe7 Nxf4 23. Qe8+ Bf8 24. Rh8+ Kxh8 25. Qxf8+ Kh7 26. Qe7+ Kg8 27. Qe8+ Kg7 28. Qe7+ Qf7 29. Qe5+ Qf6 30. Qc7+ Kf8 31. Qxf4 Be6 32. Qd6+ Kg7 33. Qc7+ Bf7 34. Qxb7 Re8 35. Qxa7 Qe5 36. Bf1 0-1

[Event "7th Paul Keres Memorial Festival 2026 Rapid"]
[Site "ESTONIA Resort Hotel & Spa conference center, EE"]
[Date "2026.08.02"]
[Round "9"]
[White "Kavalnis, Rytis"]
[Black "Krivonosov, Oleg"]
[Result "1/2-1/2"]
[Board "8"]
[TimeControl "12+3"]
[WhiteFideId "12841870"]
[BlackFideId "11600349"]
[WhiteElo "2092"]
[BlackElo "2358"]
[BlackTitle "IM"]
[WhiteClock "0:12:06"]
[BlackClock "0:12:09"]
[Variant "Standard"]
[EndDate "2026.08.02"]
[EndTime "12:33:17"]

1. e4 e5 2. Nf3 Nc6 3. Bc4 Bc5 4. O-O d6 5. c3 Nf6 6. d4 Bb6 7. dxe5 Nxe5 8. Nxe5 dxe5 9. Qxd8+ Kxd8 10. Nd2 Ke7 1/2-1/2

[Event "7th Paul Keres Memorial Festival 2026 Rapid"]
[Site "ESTONIA Resort Hotel & Spa conference center, EE"]
[Date "2026.08.02"]
[Round "9"]
[White "Shishkov, Andrei"]
[Black "Lazars, Krisjanis"]
[Result "1-0"]
[Board "9"]
[TimeControl "12+3"]
[WhiteFideId "4500563"]
[BlackFideId "11635452"]
[WhiteElo "2288"]
[BlackElo "2107"]
[WhiteTitle "IM"]
[BlackTitle "CM"]
[WhiteClock "0:02:56"]
[BlackClock "0:09:21"]
[Variant "Standard"]
[EndDate "2026.08.02"]
[EndTime "12:48:06"]

1. d4 Nf6 2. c4 e6 3. Nc3 Bb4 4. Qc2 c5 5. dxc5 O-O 6. a3 Bxc5 7. Nf3 Nc6 8. Bg5 h6 9. Bh4 Be7 10. Rd1 Qc7 11. e4 d6 12. Be2 a6 13. O-O Ng4 14. Bg3 b6 15. Nd5 exd5 16. cxd5 Bb7 17. dxc6 Qxc6 18. Qxc6 Bxc6 19. Bxd6 Bxd6 20. Rxd6 Bxe4 21. Rxb6 Rab8 22. Rxb8 Rxb8 23. b4 Bxf3 24. gxf3 Ne5 25. f4 Nd7 26. Bxa6 Ra8 27. Bb5 Nb6 28. Ra1 Kf8 29. Kg2 Ra7 30. Bc6 Rc7 31. b5 Ra7 32. Re1 g6 33. Re8+ Kg7 34. Rb8 Nc4 35. b6 Rxa3 36. b7 Na5 37. Ra8 Rg3+ 38. hxg3 Nxc6 39. Rc8 1-0